 Dungeon Crawl Stone Soup version 0.17-a0-1951-g62301d3 (webtiles) character file.

19653 nubinia the Thaumaturge (level 12, -8/72 HPs)
             Began as a High Elf Air Elementalist on Oct 1, 2015.
             Was a High Priest of Vehumet.
             Mangled by a komodo dragon (20 damage)
             ... on level 5 of the Lair of Beasts on Oct 2, 2015.
             The game lasted 01:38:47 (15302 turns).

nubinia the Thaumaturge (HEAE)                     Turns: 15302, Time: 01:38:47

Health: -8/72      AC: 15    Str:  7    XL:     12   Next: 38%
Magic:  8/29       EV: 16    Int: 24    God:    Vehumet [*****.]
Gold:   839        SH:  0    Dex: 17    Spells: 11 memorised, 4 levels left

rFire  + + .     SeeInvis .     b - +2 mace (protect)
rCold  . . .     Clarity  .     f - +2 robe {rF+}
rNeg   . . .     SustAt   .     (no shield)
rPois  .         Gourm    +     w - +0 helmet
rElec  .         Spirit   .     o - +1 cloak
rCorr  .         Warding  .     U - +0 pair of gloves
rMut   .         Stasis   .     V - +0 pair of boots
MR     +....                    C - amulet of the gourmand
Stlth  ++++......               Y - ring of protection from fire
                                R - +1 ring of protection

@: lethally poisoned (-8 -> -10), swift, repel missiles, very quick, somewhat
resistant to hostile enchantments, stealthy
A: no striking features
a: Renounce Religion


You were on level 5 of the Lair of Beasts.
You worshipped Vehumet.
Vehumet was extremely pleased with you.
You were not hungry.

You visited 2 branches of the dungeon, and saw 14 of its levels.
You also visited: Sewer.

You collected 839 gold pieces.

Inventory:

Hand weapons
 a - a +2 dagger of draining
 b - a +2 mace of protection (weapon)
Armour
 f - a +2 robe of fire resistance (worn)
 o - a +1 cloak (worn)
 u - the +1 leather armour of Lethargy {Slay+3}
   (You found it on level 6 of the Dungeon)

   It affects your accuracy and damage with ranged weapons and melee attacks
   (+3).
 w - a +0 helmet (worn)
 M - the +0 robe "Rowk" {rN+ Slay+3}
   (You took it off an orc on level 8 of the Dungeon)

   It affects your accuracy and damage with ranged weapons and melee attacks
   (+3).
   It protects you from negative energy.
 U - a +0 pair of gloves (worn)
 V - a +0 pair of boots (worn)
Rods
 q - a +0 rod of clouds (14/14)
   (You found it on level 3 of the Lair of Beasts)
Jewellery
 k - an uncursed ring of fire
 C - an amulet of the gourmand (around neck)
 G - an uncursed amulet of resist mutation
 J - an uncursed ring of ice
 R - a +1 ring of protection (left hand)
 Y - a ring of protection from fire (right hand)
Magical devices
 d - a wand of cold (6)
 g - a wand of draining (2)
 n - a wand of heal wounds (6)
 H - a wand of draining (15)
 K - a wand of teleportation (7)
 P - a wand of fire (10)
 T - a wand of fireball (11)
Scrolls
 e - 5 scrolls of remove curse
 l - 3 scrolls of magic mapping
 m - a scroll of amnesia
 B - 4 scrolls of teleportation
 D - 2 scrolls of blinking
 O - a scroll of enchant armour
 S - 2 scrolls of summoning
Potions
 h - 3 potions of brilliance
 i - a potion of berserk rage
 p - 7 potions of haste
 t - a potion of flight {unknown}
 v - a potion of agility {unknown}
 x - a potion of might
 z - 2 potions of mutation
 A - 4 potions of heal wounds
 E - a potion of magic
 F - a potion of ambrosia
 I - a potion of resistance
 L - a potion of cancellation
 Q - a potion of curing
 Z - a potion of cure mutation {unknown}
Comestibles
 c - 8 bread rations


   Skills:
 + Level 3.1 Fighting
 + Level 3.4 Short Blades
 + Level 1.0 Armour
 + Level 6.0 Dodging
 + Level 9.2 Stealth
 + Level 12.9 Spellcasting
 + Level 7.8 Conjurations
 + Level 1.7 Charms
 + Level 3.5 Necromancy
 + Level 2.3 Fire Magic
 + Level 11.7 Air Magic
 + Level 3.0 Poison Magic


You had 4 spell levels left.
You knew the following spells:

 Your Spells              Type           Power        Failure   Level  Hunger
a - Shock                 Conj/Air       ####         1%          1    None
b - Airstrike             Air            ######....   1%          4    None
c - Mephitic Cloud        Conj/Pois/Air  ######..     1%          3    None
d - Static Discharge      Conj/Air       ######..     1%          3    None
e - Swiftness             Chrm/Air       #####...     1%          2    None
f - Sticky Flame          Conj/Fire      #####...     1%          4    None
g - Sting                 Conj/Pois      ####         1%          1    None
h - Lightning Bolt        Conj/Air       ######....   1%          5    ###....
i - Conjure Ball Lightni  Conj/Air       ######....   3%          6    #####..
r - Repel Missiles        Chrm/Air       #####.       1%          2    None
S - Animate Skeleton      Necr           N/A          1%          1    None


Dungeon Overview and Level Annotations

Branches:
Dungeon (9/15)             Temple (0/1) D:5            Lair (5/8) D:9
 Spider (0/4) Lair:4
  Swamp: Lair:3-6    Shoals: Lair:3-6       Orc: D:9-12

Altars:
Ashenzari
Cheibriados
Dithmenos
Okawaru
Qazlal
Vehumet
Xom
Yredelemnul

Annotations:
D:4 HungrySpirit's ghost, experienced DrTm
Lair:5 exclusion: oklob plant


Message History

You feel sick.
The spiny frog burns!
The spiny frog burns!
The spiny frog stops burning.
You feel sick. The spiny frog stings you!!
* * * LOW HITPOINT WARNING * * *
Casting: Sticky Flame
Confirm with . or Enter, or press ? or * to list all spells.
Aiming: Sticky Flame
Press: ? - help, Shift-Dir - straight line, f/p - spiny frog
Aim: a spiny frog (almost dead)
The sticky flame hits the spiny frog.
The spiny frog appears unharmed.
The spiny frog is almost dead.
The spiny frog is covered in liquid flames!
The spiny frog burns!
You kill the spiny frog!
Vehumet accepts your kill.
You feel your power returning.
Casting: Sticky Flame
Confirm with . or Enter, or press ? or * to list all spells.
You feel quick. The komodo dragon bites you!!
You die...

............P............
........<....P#..#......
.................###....
.≈≈≈≈≈≈≈...≈≈§≈≈.P##.#..
.≈≈≈≈≈≈≈..§≈≈≈#≈.(#.....
.≈≈≈≈≈≈≈..§§##≈≈........
.≈≈≈≈≈≈≈...§≈§§≈........
.≈≈≈≈≈≈≈...≈≈§≈≈........
...............l@P.#
#P.##.P###.#...#P..#
######## #########.# ##


You could see a komodo dragon.

Vanquished Creatures
  3 hydras (Lair:3)
  A death yak (Lair:3)
  5 elephants
  Joseph (D:8)
  9 spiny frogs
  3 torpor snails (Lair:4)
  3 komodo dragons
  7 blink frogs
  9 yaks
  Sigmund (D:2)
  A deep elf mage (D:9)
  A human (D:8)
  A basilisk (Lair:1)
  2 hippogriffs
  Menkaure (D:7)
  A wolf (Lair:1)
  2 porcupines
  5 water moccasins
  Duvessa (D:7)
  A necrophage (D:9)
  A wasp (Lair:4)
  3 centaurs
  2 ogres
  2 ice beasts
  A phantom (D:3)
  5 crocodiles
  2 sky beasts
  Blork the orc (D:6)
  9 giant frogs
  Dowan (D:7)
  6 scorpions
  5 killer bees (D:7)
  7 crimson imps
  A centaur zombie (D:6)
  3 wights (D:6)
  A hound (D:8)
  A quasit (D:7)
  4 jellies
  2 orc priests
  4 orc wizards
  Jessica (D:2)
  Terence (D:2)
  6 iguanas
  Natasha (D:2)
  7 worker ants
  30 sheep
  4 gnolls (D:2)
  14 adders
  18 river rats
  A shadow imp (D:8)
  3 oozes (Sewer)
  An adder skeleton (D:5)
  4 worms
  9 giant geckos
  22 orcs
  9 ball pythons
  6 bats
  25 giant cockroaches
  3 hobgoblins (D:1)
  3 quokkas
  19 giant newts
  8 goblins
  19 jackals
  5 kobolds
  7 rats
345 creatures vanquished.

Vanquished Creatures (collateral kills)
  A black mamba (Lair:2)
  An elephant (Lair:3)
  Psyche (D:8)
  A spiny frog (Lair:2)
  A polar bear (Lair:3)
  3 blink frogs (Lair:3)
  A yak (Lair:3)
  4 wolves (Lair:1)
  A porcupine (Lair:4)
  3 giant frogs
  An orc wizard (D:9)
  A worker ant (Lair:4)
  8 sheep
  11 river rats
  An adder skeleton (D:4)
  3 orcs
  A giant cockroach (Lair:4)
  A fungus (Lair:3)
44 creatures vanquished.

Vanquished Creatures (others)
  2 fungi (Lair:4)
  3 plants (Lair:3)
5 creatures vanquished.

Grand Total: 394 creatures vanquished

Notes
Turn   | Place    | Note
--------------------------------------------------------------
     0 | D:1      | nubinia the High Elf Air Elementalist began the quest for the Orb.
     0 | D:1      | Reached XP level 1. HP: 11/11 MP: 4/4
   148 | D:1      | Reached XP level 2. HP: 17/17 MP: 4/6
   152 | D:1      | Learned a level 2 spell: Repel Missiles
   155 | D:1      | Learned a level 2 spell: Swiftness
   231 | D:1      | Reached skill level 4 in Air Magic
   910 | D:2      | Noticed Natasha
  1059 | D:2      | Noticed Sigmund
  1084 | D:2      | Noticed Jessica
  1132 | D:2      | Reached XP level 3. HP: 19/21 MP: 3/7
  1391 | D:2      | Killed Jessica
  1612 | D:2      | Reached XP level 4. HP: 25/27 MP: 4/9
  1739 | D:2      | You fall through a shaft for 2 floors!
  2175 | D:3      | Found a radiant altar of Vehumet.
  2183 | D:3      | Became a worshipper of Vehumet
  2188 | D:3      | Found a glowing drain.
  2310 | Sewer    | Entered a sewer
  2504 | Sewer    | Reached XP level 5. HP: 31/31 MP: 6/11
  2586 | Sewer    | Acquired Vehumet's first power
  2586 | Sewer    | Offered knowledge of Sting by Vehumet.
  2589 | Sewer    | Learned a level 1 spell: Sting
  2969 | Sewer    | Reached skill level 5 in Air Magic
  3119 | Sewer    | Offered knowledge of Throw Flame by Vehumet.
  3125 | Sewer    | Noticed a giant frog
  3137 | Sewer    | Killed a giant frog
  3137 | Sewer    | Reached XP level 6. HP: 3/37 MP: 6/13
  3420 | Sewer    | Learned a level 3 spell: Static Discharge
  3724 | D:2      | Noticed Terence
  3757 | D:2      | Killed Terence
  3802 | D:2      | Killed Natasha
  4223 | D:3      | Reached skill level 5 in Spellcasting
  4450 | D:2      | Killed Sigmund
  4450 | D:2      | Reached XP level 7. HP: 40/42 MP: 8/16
  4557 | D:4      | Noticed a giant frog
  4560 | D:4      | Offered knowledge of Mephitic Cloud by Vehumet.
  4562 | D:4      | Noticed HungrySpirit's ghost (experienced DrTm)
  4564 | D:4      | Killed a giant frog
  4587 | D:4      | Learned a level 3 spell: Mephitic Cloud
  4786 | D:4      | Reached skill level 1 in Short Blades
  4786 | D:4      | Reached skill level 5 in Stealth
  4859 | D:4      | Reached skill level 6 in Air Magic
  4882 | D:4      | Learned a level 1 spell: Animate Skeleton
  5053 | D:4      | Found a snail-covered altar of Cheibriados.
  5225 | D:5      | Entered Level 5 of the Dungeon
  5340 | D:4      | Reached XP level 8. HP: 47/47 MP: 12/17
  5428 | D:5      | Acquired Vehumet's second power
  5559 | D:5      | Found a staircase to the Ecumenical Temple.
  5591 | D:5      | Reached skill level 1 in Charms
  5667 | D:5      | Found an iron altar of Okawaru.
  5669 | D:5      | Found a stormy altar of Qazlal.
  5901 | D:5      | Found a shimmering altar of Xom.
  5901 | D:5      | Found a shattered altar of Ashenzari.
  5901 | D:5      | Found a snail-covered altar of Cheibriados.
  5902 | D:5      | Found a basalt altar of Yredelemnul.
  5904 | D:5      | Found a shadowy altar of Dithmenos.
  6231 | D:6      | Got a warped leather armour
  6315 | D:6      | Noticed Blork the orc
  6325 | D:6      | Killed Blork the orc
  6517 | D:6      | Reached skill level 1 in Necromancy
  6574 | D:6      | Offered knowledge of Sticky Flame by Vehumet.
  6584 | D:6      | Learned a level 4 spell: Sticky Flame
  6642 | D:6      | Reached skill level 7 in Spellcasting
  6753 | D:6      | Reached skill level 1 in Fighting
  6763 | D:6      | Found a shattered altar of Ashenzari.
  6944 | D:6      | Reached skill level 5 in Conjurations
  7229 | D:7      | Reached XP level 9. HP: 36/53 MP: 10/20
  7491 | D:7      | Noticed Menkaure
  7590 | D:7      | Noticed Duvessa
  7614 | D:7      | Noticed Dowan
  7635 | D:7      | Killed Dowan
  7642 | D:7      | Killed Duvessa
  7642 | D:7      | Reached skill level 1 in Poison Magic
  7884 | D:7      | Acquired Vehumet's third power
  7895 | D:7      | Killed Menkaure
  8235 | D:7      | Upgraded the game from 0.17-a0-1946-gfb768fe to 0.17-a0-1950-g23d6077
  8342 | D:8      | Reached skill level 8 in Spellcasting
  8378 | D:8      | Noticed Psyche
  8382 | D:8      | Offered knowledge of Airstrike by Vehumet.
  8388 | D:8      | Killed Psyche
  8402 | D:8      | Learned a level 4 spell: Airstrike
  8417 | D:8      | Identified the cursed +1 leather armour of Lethargy {Slay+3} (You found it on level 6 of the Dungeon)
  8507 | D:8      | Your ally Psyche died
  8516 | D:8      | Got a shimmering robe
  8788 | D:8      | Noticed Joseph
  8809 | D:8      | Killed Joseph
  8809 | D:8      | Reached skill level 5 in Dodging
  8974 | D:8      | Reached skill level 9 in Spellcasting
  8981 | D:8      | Reached XP level 10. HP: 58/58 MP: 12/24
  9659 | D:9      | Found a staircase to the Lair.
  9668 | Lair:1   | Entered Level 1 of the Lair of Beasts
  9689 | Lair:1   | Offered knowledge of Venom Bolt by Vehumet.
  9691 | Lair:1   | Reached skill level 1 in Armour
  9756 | Lair:1   | Identified the +0 robe "Rowk" {rN+ Slay+3} (You took it off an orc on level 8 of the Dungeon)
 10090 | Lair:1   | Reached skill level 10 in Spellcasting
 10579 | Lair:1   | Learned a level 5 spell: Lightning Bolt
 11692 | Lair:3   | Noticed an elephant
 11692 | Lair:3   | Noticed an elephant
 11692 | Lair:3   | Noticed an elephant
 11782 | Lair:3   | Reached XP level 11. HP: 62/64 MP: 26/26
 11900 | Lair:3   | Upgraded the game from 0.17-a0-1950-g23d6077 to 0.17-a0-1951-g62301d3
 11901 | Lair:3   | Reached skill level 11 in Spellcasting
 11905 | Lair:3   | Reached skill level 10 in Air Magic
 12038 | Lair:3   | Offered knowledge of Conjure Ball Lightning by Vehumet.
 12046 | Lair:3   | Learned a level 6 spell: Conjure Ball Lightning
 12102 | Lair:3   | Noticed a death yak
 12115 | Lair:3   | Killed a death yak
 12121 | Lair:3   | Noticed an elephant
 12121 | Lair:3   | Noticed an elephant
 12123 | Lair:3   | Noticed an elephant
 12125 | Lair:3   | Killed an elephant
 12267 | Lair:3   | Killed an elephant
 12335 | Lair:3   | Noticed a seven-headed hydra
 12365 | Lair:3   | Killed a seven-headed hydra
 12416 | Lair:3   | Noticed a four-headed hydra
 12434 | Lair:3   | Reached skill level 1 in Fire Magic
 12469 | Lair:3   | Noticed a six-headed hydra
 12663 | Lair:2   | Killed an elephant
 12672 | Lair:2   | Noticed a black mamba
 12681 | Lair:2   | Killed a black mamba
 12862 | Lair:2   | Killed an elephant
 12894 | Lair:2   | Identified a +0 rod of clouds (14/14) (You found it on level 3 of the Lair of Beasts)
 13044 | Lair:3   | Killed an elephant
 13044 | Lair:3   | Reached skill level 12 in Spellcasting
 13173 | Lair:3   | Killed a four-headed hydra
 13300 | Lair:3   | Killed an elephant
 13693 | Lair:3   | Killed a six-headed hydra
 13693 | Lair:3   | Reached XP level 12. HP: 44/72 MP: 6/29
 14118 | Lair:4   | Found a hole to the Spider Nest.
 14420 | Lair:4   | Found a snail-covered altar of Cheibriados.
 15302 | Lair:5   | Mangled by a komodo dragon

Vault maps used:
D:1:      dpeg_arrival_sounds_slurp
D:2:      uniq_natasha, uniq_terence, uniq_jessica, uniq_sigmund
D:3:      vehumet_crystals, portal_sewer_entry_a, st_stairs_10, hex_medium
D:4:      first_bread, chei_slow_surprise
D:5:      minitemple, minmay_temple_entry_grid, minivault_23
D:6:      evilmike_ruin_ashenzari, uniq_blork_the_orc
D:7:      uniq_menkaure, uniq_duvessa
D:8:      grunt_livestock, uniq_joseph, uniq_psyche
D:9:      lair_0_dummy
Lair:1:   serial_bayou_pond_d
Lair:3:   serial_bayou_lagoon_b, grunt_megastairs_3
Lair:4:   nicolae_spider_entry_non_spiders, kennysheep_snail_temple,
          lemuel_fruit_tree
Lair:5:   swamp_mist, basic_altar, roderic_carrion_pond, serial_bayou_shore_a
Sewer:    sewer_frog_island_02

Action                   |  1- 3 |  4- 6 |  7- 9 | 10-12 || total
-------------------------+-------+-------+-------+-------++-------
Melee: Dagger            |    46 |    34 |   106 |   269 ||   455
       Mace              |       |       |       |     4 ||     4
 Cast: Shock             |    58 |   205 |   141 |    26 ||   430
       Repel Missiles    |     1 |     2 |     1 |       ||     4
       Sting             |       |     6 |    21 |    11 ||    38
       Static Discharge  |       |     1 |     3 |       ||     4
       Animate Skeleton  |       |       |    18 |    74 ||    92
       Mephitic Cloud    |       |       |    27 |    52 ||    79
       Swiftness         |       |       |     1 |     5 ||     6
       Sticky Flame      |       |       |     9 |    46 ||    55
       Airstrike         |       |       |     6 |    74 ||    80
  Use: Potion            |     2 |     4 |       |     2 ||     8
       Scroll            |       |    10 |     7 |     8 ||    25
 Stab: Sleeping          |     5 |    10 |    12 |    15 ||    42
       Confused          |       |       |    10 |    29 ||    39
       Distracted        |       |       |     1 |       ||     1
  Eat: Chunk             |     2 |     9 |    25 |    20 ||    56
